 Dungeon Crawl Stone Soup version 0.28-a0-1412-gf95308ed99 (webtiles) character file.

Game seed: 16168026066453226682

800 HallandMoats the Shield-Bearer (level 7, -5/60 HPs)
             Began as a Ghoul Fighter on Jan 6, 2022.
             Slain by Edmund (10 damage)
             ... on level 5 of the Dungeon.
             The game lasted 00:03:18 (5306 turns).

HallandMoats the Shield-Bearer (Ghoul Fighter)      Turns: 5306, Time: 00:03:20

Health: -5/60      AC:  8    Str: 20    XL:     7   Next: 90%
Magic:  6/6        EV: 14    Int:  5    God:
Gold:   229        SH:  4    Dex:  8    Spells: 6/6 levels left

rFire   + . .      SeeInvis .   a - +0 long sword
rCold   + + .      Faith    .   c - +0 buckler
rNeg    + + +      Spirit   .   b - +0 scale mail
rPois   ∞          Reflect  .   (no helmet)
rElec   .          Harm     .   o - scarf {rC+ rF+}
rCorr   .          Rampage  .   (no gloves)
Will    .....                   n - +0 pair of boots
Stlth   ..........              (no amulet)
HPRegen 0.00/turn               l - +4 ring of evasion
MPRegen 0.10/turn               (no ring)

@: mighty, inhibited regen
A: claws 1, cold resistance 1, negative energy resistance 3, inhibited
regeneration, torment resistance 2
a: no special abilities


You were on level 5 of the Dungeon.
You visited 1 branch of the dungeon, and saw 5 of its levels.

You collected 229 gold pieces.

Inventory:

Hand Weapons
 a - a +0 long sword (weapon)
Armour
 b - a +0 scale mail (worn)
 c - a +0 buckler (worn)
 n - a +0 pair of boots (worn)
 o - a scarf of resistance (worn)
Jewellery
 l - a +4 ring of evasion (left claw)
 s - a ring of magical power
Wands
 t - a wand of acid (13)
 y - a wand of iceblast (10)
Scrolls
 g - a scroll of enchant weapon {unknown}
 h - a scroll of silence {unknown}
 i - a scroll of fear {unknown}
 j - 8 scrolls of identify {unknown}
 m - a scroll of magic mapping {unknown}
 p - a scroll of vulnerability {unknown}
 q - a scroll of enchant armour {unknown}
 w - a scroll of blinking {unknown}
Potions
 e - 2 potions of heal wounds {unknown}
 f - a potion of haste {unknown}
 k - 4 potions of mutation {unknown}
 r - a potion of invisibility {unknown}
 u - a potion of lignification {unknown}
 v - 2 potions of degeneration {unknown}
 x - a potion of brilliance {unknown}
 z - a potion of curing {unknown}
 A - 2 potions of berserk rage {unknown}


   Skills:
 + Level 4.8 Fighting
 * Level 4.4 Long Blades
 + Level 3.8 Armour
 + Level 2.6 Dodging
 * Level 5.0 Shields


You had 6 spell levels left.
You didn't know any spells.
Your spell library contained the following spells:

 Spells                   Type           Power      Damage    Failure   Level
 Magic Dart               Conj           0%         1d3       88%         1
 Summon Small Mammal      Summ           0%         N/A       88%         1
 Call Imp                 Summ           0%         N/A       96%         2
 Call Canine Familiar     Summ           0%         N/A       99%         3
 Ignite Poison            Fire/Tmut/Pois 0%         N/A       99%         3
 Mephitic Cloud           Conj/Pois/Air  0%         N/A       99%         3
 Summon Guardian Golem    Hex/Summ       0%         N/A       99%         3
 Fulminant Prism          Conj/Hex       0%         3d6       100%        4
 Iskenderun's Mystic Bla  Conj/Tloc      0%         2d3       100%        4
 Summon Lightning Spire   Summ/Air       0%         N/A       100%        4
 Freezing Cloud           Conj/Ice/Air   0%         6-21      100%        5
 Lee's Rapid Deconstruct  Erth           0%         3d5*      100%        5
 Maxwell's Capacitive Co  Air            0%         ∞         100%        8
 Storm Form               Tmut/Air       Unusable   N/A       N/A         7

Dungeon Overview and Level Annotations

Branches:
Dungeon (5/15)
 Temple: D:4-7

Altars:
Elyvilon

Annotations:
D:5 Edmund


Innate Abilities, Weirdness & Mutations

You thrive by killing the living.
You are immune to poison.
You have sharp fingernails.
Your flesh is cold resistant. (rC+)
You are immune to negative energy. (rN+++)
You do not regenerate when monsters are visible.
You are immune to unholy pain and torment.


Message History

You convulse!
Edmund is nearby!
You slash Edmund!
Edmund is moderately wounded.
Edmund hits you but does no damage.
Edmund is nearby!
You feel very mighty all of a sudden.
Edmund hits you with a +7 flail of holy wrath.
You convulse.
You hit Edmund.
Edmund is moderately wounded.
Edmund closely misses you.
You barely miss Edmund.
Edmund is moderately wounded.
Edmund hits you with a +7 flail of holy wrath.
You convulse.
Edmund hits you with a +7 flail of holy wrath.
You convulse.
You hit Edmund.
Edmund is heavily wounded.
You block Edmund's attack.
You hit Edmund.
Edmund is heavily wounded.
You block Edmund's attack.
You hit Edmund.
Edmund is heavily wounded.
You block Edmund's attack.
You hit Edmund but do no damage.
Edmund is heavily wounded.
Edmund hits you with a +7 flail of holy wrath.
* * * LOW HITPOINT WARNING * * *
You convulse.
* * * LOW HITPOINT WARNING * * *
You slice Edmund!!
Edmund is almost dead.
Edmund hits you but does no damage.
Edmund hits you with a +7 flail of holy wrath!
* * * LOW HITPOINT WARNING * * *
You convulse!
You die...

####### #.#
#.# #.# #.#
####.######
#.........#
#.##.####.#
####.##$##
.......@.#
#.##.##@.#
# ...#
.....
.......
####.####
#.# #.#


You could see Edmund.

Vanquished Creatures
  An ice beast (D:4)
  2 ogres (D:5)
  A phantom (D:5)
  3 scorpions (D:4)
  A howler monkey (D:5)
  An orc priest (D:4)
  2 centaur skeletons (D:5)
  2 orc wizards
  A hound skeleton (D:3)
  3 adders (D:3)
  An ufetubus (D:5)
  2 dart slugs
  8 orcs
  6 bats
  4 endoplasms
  5 giant cockroaches
  6 goblins
  7 hobgoblins
  5 jackals (D:1)
  3 quokkas
  7 ball pythons
  6 frilled lizards
  6 kobolds
  4 rats (D:1)
87 creatures vanquished.

Notes
Turn   | Place    | Note
-------+----------+-------------------------------------------
     0 | D:1      | HallandMoats the Ghoul Fighter began the quest for the Orb.
     0 | D:1      | Reached XP level 1. HP: 19/19 MP: 0/0
   108 | D:1      | Reached XP level 2. HP: 5/26 MP: 1/1
   580 | D:1      | Reached skill level 3 in Shields
   617 | D:1      | HP: 1/26 [jackal (2)]
  1124 | D:1      | Reached XP level 3. HP: 29/31 MP: 2/2
  1349 | D:1      | Found a faded altar of an unknown god.
  2468 | D:3      | Reached skill level 1 in Dodging
  2524 | D:3      | Reached XP level 4. HP: 40/40 MP: 3/3
  2736 | D:3      | Reached XP level 5. HP: 46/46 MP: 4/4
  3601 | D:4      | Reached skill level 4 in Shields
  3601 | D:4      | Reached XP level 6. HP: 43/52 MP: 5/5
  3788 | D:4      | Noticed an ice beast
  3798 | D:4      | Killed an ice beast
  3913 | D:5      | Entered Level 5 of the Dungeon
  4179 | D:5      | Reached XP level 7. HP: 24/60 MP: 6/6
  5147 | D:5      | Reached skill level 5 in Shields
  5293 | D:5      | Noticed Edmund
  5306 | D:5      | Slain by Edmund

Illustrated notes

Levels and vault maps discovered:
D:1:      sevenhm_arrival_forest_fort_large_2, layout_basic,
          shapermc_ecumenical_altar_mp_vishouse, minmay_hexomino_u4
D:2:      layout_loops_ring, minmay_tiny_reverse_x
D:3:      layout_basic
D:4:      layout_rooms
D:5:      layout_loops_corners, nicolae_elyvilon_temple_path,
          serial_bayou_lake_a, uniq_edmund

Skill      XL: |  1  2  3  4  5  6  7 |
---------------+----------------------+-----
Long Blades    | 2 3 4 |  4.4
Shields        | 3 4 5 |  5.0
Dodging        | 1 2 |  2.6
Armour         | 3 |  3.8
Fighting       | 4 |  4.8

Action                   |  1- 3 |  4- 6 |  7- 9 || total
-------------------------+-------+-------+-------++-------
Melee: Long sword        |   149 |   133 |    64 ||   346
  Use: Potion            |       |     1 |     1 ||     2
Armor: Scale mail        |   100 |    44 |    30 ||   174
Dodge: Dodged            |    98 |    78 |    34 ||   210
Block: Buckler           |    39 |    26 |    17 ||    82

Table legend: (Time is in decaauts)
 A = Elapsed time spent in this place.
 B = Non-inter-level travel time spent in this place.
 C = Inter-level travel time spent in this place.
 D = Time resting spent in this place.
 E = Time spent auto-exploring this place.
 F = Levels seen in this place.
 G = Mean time per level.
                   A        B        C        D        E       F      G
               +--------+--------+--------+--------+--------+-----+--------+
         Total |   5409 |   5264 |    145 |    621 |   3840 |   5 | 1081.8 |
       Dungeon |   5409 |   5264 |    145 |    621 |   3840 |   5 | 1081.8 |
               +--------+--------+--------+--------+--------+-----+--------+

Top non-repeatable levels by time:
     D:1: 1497 daAuts
     D:5: 1045 daAuts
     D:4: 1013 daAuts
     D:3: 1004 daAuts
     D:2: 849 daAuts
